 Dungeon Crawl Stone Soup version 0.30-a0-1074-g5db6f66fbb (webtiles) character file.

Game seed: 16353875780737824882

67718 jasper the Convoker (level 14, -7/70 HPs)
             Began as a Spriggan Venom Mage on Apr 13, 2023.
             Was a High Priest of Sif Muna.
             Mangled by a vault guard
             ... wielding a +0 great sword
              (19 damage)
             ... on level 13 of the Dungeon.
             The game lasted 00:52:57 (22739 turns).

jasper the Convoker (Spriggan Venom Mage)          Turns: 22739, Time: 00:52:57

Health: -7/70      AC: 18    Str:  4    XL:     14   Next: 84%
Magic:  23/31      EV: 28    Int: 21    God:    Sif Muna [*****.]
Gold:   1472       SH:  0    Dex: 16    Spells: 5/37 levels left

rFire   + + .      SeeInvis +    v - +7 staff of the Meek {protect, meekguard}
rCold   + + .      Faith    .    (shield currently unavailable)
rNeg    . . .      Spirit   .    R - +0 robe {rF+}
rPois   .          Reflect  .    H - +2 hat {Stlth+}
rElec   .          Rampage  .    j - scarf {rC+ rF+}
rCorr   .                        (gloves unavailable)
Will    ++...                    (boots unavailable)
Stlth   +++                      F - amulet of magic regeneration
HPRegen 0.31/turn                V - ring of protection from cold
MPRegen 0.62/turn                y - +5 ring of evasion

@: under a protective aura, very quick
A: very small, no large weapons, unfitting armour, see invisible, speed 3
a: Renounce Religion, Channel Magic, Forget Spell, Divine Exegesis


You were on level 13 of the Dungeon.
You worshipped Sif Muna.
Sif Muna was extremely pleased with you.
You visited 4 branches of the dungeon, and saw 21 of its levels.
You also visited: Volcano.

You collected 2378 gold pieces.
You spent 906 gold pieces at shops.

Inventory:

Hand Weapons
 e - a +2 short sword of venom
 v - the +7 staff of the Meek (weapon) {protect, meekguard}
   (You found it on level 8 of the Dungeon)
 K - a +1 trident of venom
Missiles
 B - 4 throwing nets
 M - 12 curare-tipped darts
Armour
 a - a +1 robe
 j - a scarf of resistance (worn)
 t - a +0 troll leather armour
 x - a +2 buckler
 H - a +2 hat of stealth (worn)
 R - a +0 robe of fire resistance (worn)
 W - a +0 cloak
Magical Staves
 g - a staff of poison
 u - a staff of earth
 J - the staff of death "Ubbubilu" {rC++ rN+ MP+9 Str+6}
   (You found it on level 6 of the Dungeon)

   [staff of death]

   Base accuracy: +5 Base damage: 5 Base attack delay: 1.2 This weapon's minimum
   attack delay (0.6) is reached at skill level 12.
   Str:       It affects your strength (+6).
   rC:        It greatly protects you from cold.
   rN:        It protects you from negative energy.
   MP:        It affects your magic capacity (+9).
   It falls into the 'Staves' category.
   It is a two-handed weapon.
 U - a staff of conjuration
Jewellery
 n - a +4 ring of slaying
 p - an amulet of reflection
 y - a +5 ring of evasion (right hand)
 F - an amulet of magic regeneration (around neck)
 L - a +5 ring of evasion
 Q - an amulet of regeneration
 V - a ring of protection from cold (left hand)
 Y - a ring of resist corrosion
Wands
 q - a wand of iceblast (6)
 I - a wand of quicksilver (18)
 S - a wand of flame (15)
 T - a wand of paralysis (9)
Scrolls
 c - a scroll of torment
 d - 3 scrolls of magic mapping
 k - 4 scrolls of noise
 l - 4 scrolls of blinking
 r - 6 scrolls of teleportation
 A - a scroll of fog
 G - 4 scrolls of identify
 N - a scroll of immolation
 O - 2 scrolls of enchant armour
 Z - a scroll of acquirement {unknown}
Potions
 b - 2 potions of magic
 f - 3 potions of resistance
 h - 3 potions of might
 i - 3 potions of brilliance
 m - a potion of ambrosia
 o - 5 potions of curing
 s - 2 potions of degeneration
 w - 2 potions of lignification
 z - 6 potions of flight
 C - 2 potions of attraction
 D - a potion of berserk rage
 E - 5 potions of mutation
 P - 3 potions of haste
 X - a potion of invisibility


   Skills:
 + Level 6.4 Fighting
 + Level 10.6 Dodging
 - Level 3.0 Stealth
 - Level 12.0 Spellcasting
 - Level 1.0 Conjurations
 - Level 16.0 Summonings
 - Level 6.3 Translocations
 - Level 1.4 Transmutations
 - Level 3.0 Air Magic
 - Level 0.1 Earth Magic
 - Level 6.0 Poison Magic
 - Level 9.0 Invocations


You had 5 spell levels left.
You knew the following spells:

 Your Spells              Type           Power      Damage    Failure   Level
a - Summon Forest         Summ/Tloc      28%        N/A       1%          5
b - Summon Hydra          Summ           34%        N/A       6%          7
c - Mephitic Cloud        Conj/Pois/Air  26%        N/A       4%          3
d - Olgreb's Toxic Radia  Pois           37%        N/A       4%          4
e - Ignite Poison         Fire/Tmut/Pois 23%        N/A       6%          3
g - Summon Lightning Spi  Summ/Air       51%        N/A       1%          4
h - Summon Cactus Giant   Summ           34%        N/A       1%          6

Your spell library contained the following spells:

 Spells                   Type           Power      Damage    Failure   Level
 Summon Small Mammal      Summ           100%       N/A       0%          1
 Apportation              Tloc           78%        N/A       1%          1
 Sting                    Tmut/Pois      100%       1d8       1%          1
 Blink                    Tloc           78%        N/A       1%          2
 Poisonous Vapours        Pois/Air       62%        N/A       1%          2
 Call Canine Familiar     Summ           68%        N/A       1%          3
 Summon Guardian Golem    Hex/Summ       46%        N/A       1%          3
 Animate Armour           Summ/Erth      92%        N/A       1%          4
 Summon Ice Beast         Ice/Summ       46%        N/A       1%          4
 Cigotuvi's Dreadful Rot  Necr/Pois/Air  50%        N/A       2%          2
 Vhi's Electric Charge    Tloc/Air       64%        N/A       2%          3
 Static Discharge         Conj/Air       42%        2-4/arc   3%          2
 Foxfire                  Conj/Fire      56%        2x1d6     4%          1
 Portal Projectile        Hex/Tloc       50%        N/A       4%          3
 Manifold Assault         Tloc           39%        N/A       4%          4
 Passage of Golubria      Tloc           39%        N/A       4%          4
 Slow                     Hex            48%        N/A       5%          1
 Summon Mana Viper        Hex/Summ       46%        N/A       5%          5
 Passwall                 Tmut/Erth      12%        N/A       6%          2
 Stone Arrow              Conj/Erth      28%        3d8       13%         3
 Tukima's Dance           Hex            12%        N/A       16%         3
 Airstrike                Air            12%        2d(2-18)  16%         4
 Alistair's Intoxication  Tmut/Pois      18%        N/A       32%         5
 Petrify                  Tmut/Erth      15%        N/A       36%         4
 Leda's Liquefaction      Hex/Erth       6%         N/A       45%         4
 Arcjolt                  Conj/Air       10%        1d20      54%         5
 Blade Hands              Tmut           9%         N/A       63%         5
 Freezing Cloud           Conj/Ice/Air   9%         6-21      65%         5
 Yara's Violent Unravell  Hex/Tmut       7%         3d5       73%         5
 Metabolic Englaciation   Hex/Ice        6%         N/A       82%         5
 Monstrous Menagerie      Summ           34%        N/A       6%          7
 Eringya's Noxious Bog    Tmut/Pois      14%        N/A       87%         6
 Plasma Beam              Fire/Air       9%         2x1d21    99%         6
 Statue Form              Tmut/Erth      10%        N/A       99%         6
 Iron Shot                Conj/Erth      7%         9d2       100%        6
 Enfeeble                 Hex            6%         N/A       100%        7
 Storm Form               Tmut/Air       11%        N/A       100%        7
 Lehudib's Crystal Spear  Conj/Erth      7%         10d3      100%        8
 Dragon's Call            Summ           34%        N/A       100%        9


Dungeon Overview and Level Annotations

Branches:
Dungeon (13/15)            Temple (1/1) D:4            Lair (5/5) D:9
 Shoals (0/4) Lair:3        Snake (0/4) Lair:3        Slime (0/5) Lair:5
    Orc (2/2) D:10            Elf (0/3) Orc:2       Volcano (visited)
 Vaults: D:13-14

Altars:
Ashenzari
Cheibriados
Dithmenos
Elyvilon
Fedhas
Gozag
Hepliaklqana
Kikubaaqudgha
Makhleb
Nemelex Xobeh
Okawaru
Qazlal
Ru
Sif Muna
Trog
Uskayaw
Vehumet
Wu Jian
Xom
Yredelemnul
Zin
The Shining One
Jiyva

Shops:
D:5 (   D:11 ((*(=   Orc:2 (![:

Annotations:
D:8 exclusion: 3 oklob plants


Innate Abilities, Weirdness & Mutations

You are very small and have problems with some larger weapons.
You are too small for most types of armour.
You have supernaturally acute eyesight. (SInv)
You cover ground extremely quickly. (Speed+++)


Message History

The vault guard is moderately wounded.
The vault guard hits you but does no damage.
You hit the vault guard but do no damage.
The vault guard is moderately wounded.
The vault guard misses you.
You hit the vault guard but do no damage.
The vault guard is moderately wounded.
The vault guard misses you.
Your cactus giant hits the vault guard with a +0 giant spiked club!
The vault guard misses you.
You hit the vault guard.
The vault guard is heavily wounded.
The vault guard closely misses you.
You thump the vault guard!
The vault guard is heavily wounded.
The vault guard completely misses you.
Your cactus giant hits the vault guard with a +0 giant spiked club!
You hit the vault guard but do no damage.
The vault guard is severely wounded.
The vault guard misses you.
The vault guard hits you with a +0 great sword!
* * * LOW HITPOINT WARNING * * *
You take 13 damage, and have 16/70 hp.
You barely miss the vault guard.
The vault guard is severely wounded.
The vault guard completely misses you.
Your cactus giant hits the vault guard with a +0 giant spiked club!
You hit the vault guard but do no damage.
The vault guard is almost dead.
The vault guard hits you with a +0 great sword.
* * * LOW HITPOINT WARNING * * *
You take 5 damage, and have 11/70 hp.
You hit the vault guard but do no damage.
The vault guard is almost dead.
The vault guard completely misses you. The vault guard misses you.
You hit the vault guard but do no damage.
The vault guard is almost dead.
Your cactus giant hits the vault guard with a +0 giant spiked club!
The vault guard hits you with a +0 great sword!!
You die...

#)#)#.#.####### #.#
###.....#.## #.#
...[.o.....)# #.#
...####.)####).# #.#
...).).........# #.#
###.....<))########## #..
.#####.#.####.C.........#
### <........#
##p########.# ..####.#.#
#@# #.# ##.# #.# #.# #
#.# #.# #.# #.# #.# #.#
#.# #.# ### #.# #.# #.#


You could see a vault guard (ally target) and a friendly cactus giant
(summoned).

Vanquished Creatures
  Jorgrun (D:13)
  Harold (D:9)
  2 hydras
  2 ogre magi (Orc:2)
  2 boulder beetles (D:12)
  A two-headed ogre (D:10)
  A catoblepas (Lair:5)
  2 death yaks (Lair:5)
  Sonja (D:11)
  The ghost of Pooter the Twirler, a novice MiMo of Okawaru (D:8)
  Nergalle (Orc:2)
  A skyshark (Lair:5)
  Lodul (D:13)
  2 lindwurms (Lair:5)
  2 orc knights
  8 orc sorcerers
  An ugly thing (D:11)
  A cyclops (D:13)
  Maurice (D:12)
  3 elephants
  3 merfolk sirens (Lair:3)
  A black mamba (Lair:1)
  A rime drake (Lair:3)
  5 komodo dragons
  A merfolk (Lair:3)
  6 trolls
  4 polar bears
  16 blink frogs
  5 dream sheep
  2 hornets (D:8)
  31 yaks
  4 wyverns
  A nameless horror (D:8)
  A wraith (D:8)
  8 basilisks
  4 water moccasins
  Duvessa (D:4)
  16 orc warriors
  2 black bears
  12 ogres
  12 wolves
  3 centaurs
  A phantom (D:5)
  8 bullfrogs
  4 kobold brigands
  6 scorpions
  A gnoll sergeant (D:8)
  A wight (D:6)
  Dowan (D:4)
  3 electric eels (Lair:3)
  A howler monkey (D:4)
  5 hounds
  3 jellies
  2 gnoll boudas
  9 orc priests
  Jessica (D:3)
  7 iguanas
  37 orc wizards
  5 hell rats (Lair:1)
  2 sleepcaps
  11 gnolls
  5 river rats (Lair:1)
  9 adders
  A shadow imp (D:5)
  A white imp (D:5)
  2 ufetubi
  5 worms
  6 dart slugs
  64 orcs
  5 endoplasms
  2 giant cockroaches
  8 goblins
  8 hobgoblins
  2 jackals (D:5)
  16 kobolds
  A quokka (D:2)
  5 ball pythons
  4 bats
  3 frilled lizards
  12 rats
  A butterfly (Lair:3)
442 creatures vanquished.

Vanquished Creatures (collateral kills)
  Frances (D:12)
  7 hydras
  9 death yaks (Lair:5)
  A skyshark (Lair:5)
  A nameless horror (Lair:5)
  A lindwurm (Lair:5)
  2 manticores (Lair:5)
  6 black mambas
  5 elephants (Lair:5)
  A torpor snail (Lair:2)
  12 cane toads
  A komodo dragon (Lair:5)
  2 rime drakes (Lair:5)
  A polar bear (Lair:5)
  A blink frog (Lair:5)
  A shadow (D:11)
  2 wraiths
  A basilisk (Lair:5)
  5 yaks
  A warg (Orc:2)
  2 acid dragons (D:11)
  21 water moccasins
  A floating eye (D:8)
  A sky beast (D:8)
  A wolf (Lair:5)
  6 kobold brigands (D:8)
  An earth elemental (Lair:4)
  17 wights
  A howler monkey (D:8)
  4 jellies (Lair:5)
  2 adders (D:6)
  An ufetubus (D:6)
  An orc (D:8)
120 creatures vanquished.

Vanquished Creatures (others)
  A human (D:13)
  34 fungi
  38 plants
  7 snaplasher vines (Lair:5)
80 creatures vanquished.

Grand Total: 642 creatures vanquished

Notes
Turn   | Place    | Note
-------+----------+-------------------------------------------
     0 | D:1      | jasper the Spriggan Venom Mage began the quest for the Orb.
     0 | D:1      | Reached XP level 1. HP: 9/9 MP: 5/5
   202 | D:1      | Reached XP level 2. HP: 13/13 MP: 1/6
   873 | D:1      | Learned a level 2 spell: Poisonous Vapours
  1264 | D:2      | Reached XP level 3. HP: 16/16 MP: 6/8
  1268 | D:2      | Learned a level 3 spell: Mephitic Cloud
  1338 | D:2      | Noticed an ogre
  1360 | D:2      | Killed an ogre
  1361 | D:2      | Reached skill level 5 in Poison Magic
  1361 | D:2      | Reached XP level 4. HP: 21/21 MP: 0/9
  2399 | D:3      | Reached XP level 5. HP: 24/24 MP: 0/10
  2540 | D:3      | Found a hazy altar of Hepliaklqana.
  2852 | D:3      | Noticed Jessica
  2854 | D:3      | Killed Jessica
  3293 | D:4      | Reached XP level 6. HP: 29/29 MP: 0/12
  3298 | D:4      | Learned a level 4 spell: Olgreb's Toxic Radiance
  3473 | D:4      | Reached skill level 1 in Air Magic
  3475 | D:4      | Reached skill level 1 in Fighting
  3790 | D:4      | Noticed Duvessa
  3791 | D:4      | Noticed Dowan
  3802 | D:4      | Found a staircase to the Ecumenical Temple.
  3822 | Temple   | Entered the Ecumenical Temple
  4149 | Temple   | Became a worshipper of Sif Muna the Loreminder
  4476 | D:4      | Killed Duvessa
  4477 | D:4      | Reached skill level 1 in Conjurations
  4501 | D:4      | Killed Dowan
  4502 | D:4      | Reached XP level 7. HP: 33/33 MP: 1/14
  4786 | D:5      | Entered Level 5 of the Dungeon
  4830 | D:5      | Reached skill level 5 in Spellcasting
  5065 | D:5      | Reached skill level 1 in Invocations
  5065 | D:5      | Found Rayqua's Antique Weapon Emporium.
  5306 | D:5      | Reached skill level 5 in Dodging
  5306 | D:5      | Reached XP level 8. HP: 39/39 MP: 11/17
  5514 | D:5      | Reached * piety under Sif Muna
  5569 | D:5      | Found a snail-covered altar of Cheibriados.
  5841 | D:5      | Found a shimmering altar of Xom.
  5904 | D:5      | Found the +1 Delatra's gloves {ID++}
  6458 | D:7      | Found a stormy altar of Qazlal.
  6828 | D:7      | Found a radiant altar of Vehumet.
  6831 | D:7      | Found a sparkling altar of Nemelex Xobeh.
  6835 | D:7      | Found a sacrificial altar of Ru.
  7382 | D:8      | Noticed a hornet
  7389 | D:8      | Killed a hornet
  7390 | D:8      | Reached XP level 9. HP: 44/44 MP: 9/22
  7477 | D:8      | Found the +7 staff of the Meek {protect, meekguard}
  7678 | D:8      | Reached ** piety under Sif Muna
  7713 | D:8      | Noticed an oklob plant
  7730 | D:8      | Noticed an oklob plant
  7730 | D:8      | Noticed an oklob plant
  7771 | D:9      | Learned a level 3 spell: Ignite Poison
  7776 | D:9      | Learned a level 4 spell: Summon Ice Beast
  7782 | D:9      | Noticed an elephant
  7786 | D:9      | Killed an elephant
  7787 | D:9      | Reached skill level 1 in Summonings
  7788 | D:9      | Reached skill level 2 in Summonings
  7861 | D:9      | Found a staircase to the Lair.
  8095 | D:9      | Learned a level 3 spell: Tukima's Dance
  8232 | D:9      | Noticed Harold
  8260 | D:9      | Killed Harold
  8261 | D:9      | Reached skill level 3 in Summonings
  8652 | D:10     | Entered Level 10 of the Dungeon
  8823 | D:10     | Reached skill level 4 in Summonings
  8823 | D:10     | Reached XP level 10. HP: 51/51 MP: 11/23
  8867 | D:10     | Reached skill level 5 in Summonings
  9018 | D:10     | Reached skill level 6 in Summonings
  9149 | D:10     | Found a staircase to the Orcish Mines.
  9162 | D:10     | Reached *** piety under Sif Muna
  9162 | D:10     | Noticed an orc knight
  9339 | D:11     | Found Xelus's Jewellery Shoppe.
  9348 | D:11     | Bought an amulet of magic regeneration for 360 gold pieces
  9389 | D:11     | Found Tadoupsy's Antique Weapon Emporium.
  9448 | D:10     | Noticed a two-headed ogre
  9473 | D:10     | Killed a two-headed ogre
  9474 | D:10     | Reached skill level 7 in Summonings
  9491 | Orc:1    | Entered Level 1 of the Orcish Mines
  9565 | Orc:1    | Reached skill level 8 in Summonings
  9672 | Orc:1    | Noticed an orc sorcerer
  9673 | Orc:1    | Noticed an orc knight
  9678 | Orc:1    | Killed an orc sorcerer
  9682 | Orc:1    | Killed an orc knight
  9683 | Orc:1    | Reached skill level 9 in Summonings
  9683 | Orc:1    | Reached XP level 11. HP: 54/54 MP: 3/24
  9847 | Orc:1    | Found a bloodstained altar of Trog.
 10163 | Orc:2    | Entered Level 2 of the Orcish Mines
 10183 | Orc:2    | Found a staircase to the Elven Halls.
 10264 | Orc:2    | Found Tofor's Book Emporium.
 10272 | Orc:2    | Bought the Verses on Productive Anthracomancy for 546 gold
                  | pieces
 10279 | Orc:2    | Learned a level 6 spell: Summon Cactus Giant
 10296 | Orc:2    | Noticed an orc sorcerer
 10299 | Orc:2    | Noticed an ogre mage
 10300 | Orc:2    | Killed an orc sorcerer
 10304 | Orc:2    | Killed an ogre mage
 10304 | Orc:2    | Reached **** piety under Sif Muna
 10307 | Orc:2    | Noticed an orc sorcerer
 10318 | Orc:2    | Killed an orc sorcerer
 10319 | Orc:2    | Reached skill level 10 in Summonings
 10879 | Orc:2    | Noticed an orc sorcerer
 10885 | Orc:2    | Killed an orc sorcerer
 10941 | Orc:2    | Noticed an orc sorcerer
 10948 | Orc:2    | Killed an orc sorcerer
 10949 | Orc:2    | Reached skill level 11 in Summonings
 10985 | Orc:2    | Found an ancient bone altar of Kikubaaqudgha.
 10986 | Orc:2    | Noticed Nergalle
 10987 | Orc:2    | Noticed an orc sorcerer
 10989 | Orc:2    | Killed an orc sorcerer
 10989 | Orc:2    | Killed Nergalle
 10989 | Orc:2    | Noticed an orc sorcerer
 10993 | Orc:2    | Killed an orc sorcerer
 11023 | Orc:2    | Found Gugrel's Distillery.
 11039 | Orc:2    | Noticed an ogre mage
 11041 | Orc:2    | Noticed an orc sorcerer
 11045 | Orc:2    | Killed an ogre mage
 11045 | Orc:2    | Killed an orc sorcerer
 11062 | Orc:2    | Found a radiant altar of Vehumet.
 11078 | Orc:2    | Found Juydeck's Antique Armour Shoppe.
 11118 | Orc:2    | Found Qouss's Antique Weapon Emporium.
 11159 | Orc:2    | Found Sakescha's Jewellery Emporium.
 11498 | D:11     | Reached skill level 12 in Summonings
 11945 | D:5      | Reached ***** piety under Sif Muna
 11951 | D:5      | Reached XP level 12. HP: 58/58 MP: 10/25
 12564 | D:6      | Identified the staff of death "Ubbubilu" {rC++ rN+ MP+9
                  | Str+6}
 12893 | D:8      | Learned a level 4 spell: Summon Lightning Spire
 12982 | D:8      | Received a gift from Sif Muna
 12983 | D:8      | Got Roinouh's Catalogue of the Unlucky Syncline {god gift}
 13118 | D:8      | Found a shadowy altar of Dithmenos.
 13127 | D:8      | Found a runed translucent gate.
 13127 | D:8      | Found a runed translucent gate.
 13128 | D:8      | Found a runed translucent gate.
 13128 | D:8      | Noticed Pooter's ghost (novice MiMo)
 13266 | D:8      | Paralysed by a floating eye for 3 turns
 13334 | D:8      | Reached skill level 5 in Fighting
 13565 | D:8      | Killed Pooter's ghost
 13881 | Lair:1   | Entered Level 1 of the Lair of Beasts
 14268 | D:11     | Found Ruiss's Weapon Emporium.
 14422 | D:11     | Found Kitzoxe's Assorted Antiques.
 14444 | D:11     | Found an ancient bone altar of Kikubaaqudgha.
 14497 | D:11     | Found Gieq Xum's Weapon Emporium.
 14512 | D:11     | Reached skill level 10 in Spellcasting
 14550 | D:11     | Noticed Sonja
 14553 | D:11     | Killed Sonja
 15186 | Lair:1   | Reached skill level 10 in Dodging
 15186 | Lair:1   | Reached skill level 5 in Invocations
 15622 | Lair:1   | Noticed an eight-headed hydra
 15635 | Lair:1   | Killed an eight-headed hydra
 15882 | Lair:2   | Reached XP level 13. HP: 31/65 MP: 13/29
 16282 | Lair:2   | Received a gift from Sif Muna
 16290 | Lair:2   | Learned a level 5 spell: Summon Forest
 16345 | Lair:2   | Reached skill level 1 in Translocations
 16794 | Lair:3   | Learned a level 7 spell: Summon Hydra
 16893 | Lair:3   | Found a staircase to the Shoals.
 17155 | Lair:3   | Found a staircase to the Snake Pit.
 17164 | Lair:3   | Reached skill level 5 in Translocations
 18229 | Lair:4   | Found a dark tunnel.
 18264 | Volcano  | Entered a volcano
 18538 | Lair:4   | Reached skill level 13 in Summonings
 18927 | Lair:5   | Entered Level 5 of the Lair of Beasts
 19330 | Lair:5   | Reached XP level 14. HP: 15/70 MP: 12/31
 19336 | Lair:5   | Reached skill level 14 in Summonings
 20099 | Lair:5   | Found a viscous altar of Jiyva.
 20163 | Lair:5   | Found a staircase to the Slime Pits.
 20184 | Lair:5   | Received a gift from Sif Muna
 20744 | Lair:5   | Reached skill level 15 in Summonings
 21483 | D:12     | Noticed Maurice
 21492 | D:12     | Killed Maurice
 21678 | D:12     | Noticed Frances
 21718 | D:12     | Killed Frances
 21827 | D:12     | Reached skill level 16 in Summonings
 22436 | D:13     | Noticed Jorgrun
 22447 | D:13     | HP: 3/70 [Jorgrun/blast of rock fragments (32)]
 22448 | D:13     | Killed Jorgrun
 22700 | D:13     | Noticed Lodul
 22712 | D:13     | Killed Lodul
 22739 | D:13     | Mangled by a vault guard

Illustrated notes

Levels and vault maps discovered:
D:1:      dpeg_arrival_rhombi, layout_basic, nicolae_figureground_sparkle
D:2:      layout_basic, st_stairs_7, minmay_misc_feat_chi
D:3:      layout_basic, mainiacjoe_overflow_catwalk, uniq_jessica
D:4:      minmay_diamond_boxcup, layout_rooms,
          minmay_temple_entry_gardened_gates, uniq_duvessa
D:5:      minmay_general_purpose_star, layout_rooms, chei_slow_surprise,
          mainiacjoe_overflow_brackets, serial_shops, shop,
          cheibrodos_sewer_entry_bend, fountainhead, pf_guarded_unrand_delatra
D:6:      layout_rooms
D:7:      layout_basic, nicolae_qazlal_scattered_showers,
          grunt_temple_overflow_diamond, bh_walls_and_bars
D:8:      layout_basic, mainiacjoe_overflow_surrounded_room,
          gammafunk_ghost_nasty_kobolds, disabler_island
D:9:      layout_roguey, david_lair_generic, amcnicky_mini_rare_corridor_liquid,
          uniq_harold
D:10:     layout_basic, orc_david_3
D:11:     layout_rooms, serial_shops, kennysheep_little_box, shop,
          nicolae_diamond_shop, nicolae_shop_temple_entry_statues_fountains,
          nicolae_shop_behind_doors, kiku_gazebo_pond_becter, uniq_sonja
D:12:     layout_cave_pods, uniq_maurice, uniq_frances
D:13:     layout_loops_ring, ximxim_vaults_locker_room, uniq_lodul, uniq_jorgrun
Temple:   dpeg_chambers_temple
Lair:1:   layout_cellular_growth, kennysheep_abandoned_house
Lair:2:   layout_roguey, dreamdust_gnoll_shepherd, infiniplex_staircase_pool
Lair:3:   layout_regular_city, elwin_shoals_entry_stream,
          minmay_snake_entry_six_corridors, chequers_serial_rivers_micro_d,
          nicolae_quartered_pool_super, lemuel_fruit_fields
Lair:4:   layout_loops_ring, enter_volcano_2
Lair:5:   hangedman_lair_in_review, layout_layer_cave,
          nicolae_slime_entry_field_trip, grunt_megastairs_3
Orc:1:    layout_caves, trog_butcher_becter
Orc:2:    kennysheep_orc_mage_school, layout_diamond_mine, serial_shops,
          nicolae_shop_hallway_stairs

Skill      XL: |  1  2  3  4  5  6  7  8  9 10 11 12 13 14 |
---------------+-------------------------------------------+-----
Poison Magic   | 4 5 6 |  6.0
Spellcasting   | 3 4 5 8 11 12 | 12.0
Dodging        | 3 4 5 6 8 10 | 10.6
Air Magic      | 1 3 |  3.0
Fighting       | 1 2 3 4 6 |  6.4
Conjurations   | 1 |  1.0
Invocations    | 1 3 4 7 9 |  9.0
Summonings     | 4 9 12 13 16 | 16.0
Translocations | 6 |  6.3
Stealth        | |  3.0
Transmutations | |  1.4
Earth Magic    | |  0.1

Action                     |  1- 3 |  4- 6 |  7- 9 | 10-12 | 13-15 || total
---------------------------+-------+-------+-------+-------+-------++-------
  Melee: Staff             |       |     2 |    24 |       |       ||    26
         Quarterstaff      |       |       |     4 |    67 |    68 ||   139
   Cast: Sting             |    29 |    70 |    86 |    31 |       ||   216
         Poisonous Vapours |     6 |    40 |    38 |    76 |       ||   160
         Olgreb's Toxic Ra |       |     4 |    24 |    59 |    84 ||   171
         Mephitic Cloud    |       |     1 |     3 |     2 |     2 ||     8
         Ignite Poison     |       |       |    11 |    99 |    99 ||   209
         Summon Ice Beast  |       |       |       |     3 |       ||     3
         Summon Cactus Gia |       |       |       |    29 |    37 ||    66
         Summon Lightning  |       |       |       |     8 |    15 ||    23
         Summon Forest     |       |       |       |       |    17 ||    17
         Summon Hydra      |       |       |       |       |     1 ||     1
  Evoke: Wand              |       |       |       |     3 |     1 ||     4
    Use: Scroll            |     6 |       |     9 |    12 |     3 ||    30
         Potion            |       |       |       |       |     2 ||     2
   Stab: Distracted        |       |       |       |     1 |     1 ||     2
         Sleeping          |       |       |       |     1 |       ||     1
 Armour: Robe              |       |       |    10 |     7 |    13 ||    30
  Dodge: Dodged            |     1 |    16 |    71 |   129 |   155 ||   372
  Block: Other             |       |     3 |    24 |       |       ||    27
         Reflection        |       |       |     1 |       |       ||     1

Table legend: (Time is in decaauts)
 A = Elapsed time spent in this place.
 B = Non-inter-level travel time spent in this place.
 C = Inter-level travel time spent in this place.
 D = Time resting spent in this place.
 E = Time spent auto-exploring this place.
 F = Levels seen in this place.
 G = Mean time per level.
                   A        B        C        D        E       F      G
               +--------+--------+--------+--------+--------+-----+--------+
         Total |  17373 |  16581 |    792 |   1360 |  12043 |  22 |  789.7 |
       Dungeon |  10663 |  10138 |    525 |    843 |   7452 |  13 |  820.2 |
        Temple |    226 |    208 |     18 |      0 |    198 |   1 |  226.0 |
          Lair |   4972 |   4816 |    156 |    447 |   3370 |   5 |  994.4 |
  Orcish Mines |   1498 |   1406 |     92 |     69 |   1020 |   2 |  749.0 |
       Volcano |     13 |     13 |      0 |      0 |      1 |   1 |   13.0 |
               +--------+--------+--------+--------+--------+-----+--------+

Top non-repeatable levels by time:
  Lair:5: 1598 daAuts
     D:4: 1302 daAuts
     D:5: 1300 daAuts
  Lair:4: 1178 daAuts
     D:2: 981 daAuts
   Orc:2: 933 daAuts
     D:8: 923 daAuts
     D:9: 916 daAuts
     D:7: 904 daAuts
    D:12: 858 daAuts
    D:10: 783 daAuts
     D:3: 781 daAuts
  Lair:1: 779 daAuts
  Lair:3: 741 daAuts
  Lair:2: 673 daAuts
